 Dungeon Crawl Stone Soup version 0.24-a0-441-g27f0392e16 (webtiles) character file.

Game seed: 3782356717351489377

1060 galech the Chopper (level 8, -7/60 HPs)
             Began as a Demonspawn Fighter on June 19, 2019.
             Mangled by an ice beast (12 damage)
             ... on level 5 of the Dungeon.
             The game lasted 00:05:47 (4326 turns).

galech the Chopper (Demonspawn Fighter)             Turns: 4326, Time: 00:05:48

Health: -7/60      AC: 10    Str: 17    XL:     8   Next: 6%
Magic:  8/8        EV:  9    Int: 10    God:
Gold:   177        SH: 10    Dex: 14    Spells: 7/7 levels left

rFire    . . .     SeeInvis .   a - +0 war axe
rCold    . . .     Gourm    .   x - +2 buckler
rNeg     . . .     Faith    .   s - +0 chain mail
rPois    +         Spirit   .   r - +0 helmet
rElec    .         Reflect  +   (no cloak)
rCorr    .         Harm     .   (no gloves)
MR       .....                  (no boots)
Stlth    ..........             i - +3 amulet of reflection
HPRegen  0.20/turn              j - ring of poison resistance
MPRegen  0.11/turn              (no ring)

@: no status effects
A: repulsion field 1, powered by death 3
a: no special abilities


You were on level 5 of the Dungeon.
You were not hungry.

You visited 2 branches of the dungeon, and saw 6 of its levels.
You also visited: Ossuary.

You collected 177 gold pieces.

Inventory:

Hand Weapons
 a - a +0 war axe (weapon)
Armour
 c - a +0 shield
 r - a +0 helmet (worn)
 s - a +0 chain mail (worn)
 x - a +2 buckler (worn)
Jewellery
 i - a +3 amulet of reflection (around neck)
 j - a ring of poison resistance (left hand)
Wands
 o - a wand of flame (19)
Scrolls
 g - 7 scrolls of identify
 l - 4 scrolls of fog {unknown}
 m - 3 scrolls of teleportation {unknown}
 p - a scroll of amnesia {unknown}
 q - a scroll of fear {unknown}
Potions
 b - a potion of ambrosia {unknown}
 d - 2 potions of might
 e - 2 potions of curing
 h - 2 potions of cancellation {unknown}
 k - a potion of lignification {unknown}
 n - 2 potions of invisibility {unknown}
 t - a potion of resistance {unknown}
 v - a potion of flight {unknown}
 w - 2 potions of agility {unknown}
Comestibles
 f - 9 rations
 u - 13 chunks of flesh


   Skills:
 + Level 4.3 Fighting
 + Level 6.3 Axes
 + Level 3.8 Armour
 + Level 1.6 Dodging
 + Level 1.3 Stealth
 + Level 4.6 Shields


You had 7 spell levels left.
You didn't know any spells.
Your spell library contained the following spells:

 Spells                   Type           Power        Failure   Level  Hunger
 Animate Skeleton         Necr           N/A          99%         1    ##.....
 Apportation              Tloc           #.....       99%         1    ##.....
 Confusing Touch          Hex            #.....       99%         1    ##.....
 Summon Small Mammal      Summ           #...         99%         1    ##.....
 Confuse                  Hex            #.......     100%        3    ####...
 Gell's Gravitas          Tloc           #.........   100%        3    ####...
 Petrify                  Tmut/Erth      #.......     100%        4    #####..
 Metabolic Englaciation   Hex/Ice        #.........   100%        5    ######.
 Yara's Violent Unravell  Hex/Tmut       #.........   100%        5    ######.


Dungeon Overview and Level Annotations

Branches:
Dungeon (5/15)             Temple (1/1) D:4

Altars:
Dithmenos
Elyvilon
Fedhas
Gozag
Hepliaklqana
Kikubaaqudgha
Makhleb
Qazlal
Ru
Sif Muna
Trog
Uskayaw
Vehumet
Xom
Yredelemnul


Innate Abilities, Weirdness & Mutations

You are surrounded by a mild repulsion field. (EV +2)
You regenerate a lot of health from kills.


Message History

You are too injured to fight recklessly!
You are too injured to fight recklessly!
You are too injured to fight recklessly!
You are too injured to fight recklessly!
You are too injured to fight recklessly!
You are too injured to fight recklessly!
You are too injured to fight recklessly!
You are too injured to fight recklessly!
You closely miss the ice beast.
The ice beast is heavily wounded.
The ice beast hits you.
* * * LOW HITPOINT WARNING * * *
The ice beast freezes you!
* * * LOW HITPOINT WARNING * * *
You hit the ice beast.
The ice beast is heavily wounded.
The ice beast hits you.
* * * LOW HITPOINT WARNING * * *
The ice beast freezes you!
You die...

≈.♣≈≈≈≈..#
≈≈≈≈≈≈≈≈≈≈.#
≈≈≈≈≈≈≈≈≈..#
.≈≈≈≈≈≈≈...#
...≈≈≈.@.#.###
......Y#.#.#.##
#....###.#..#.##
#### #...###.###
##########..#....#
.........###.###.#
#.<...#.# .#
#.(...#.# #
#.(...#.#


You could see an ice beast.

Vanquished Creatures
  Menkaure (D:5)
  An ice beast (D:4)
  An ogre (D:4)
  A centaur (D:4)
  A bullfrog (D:3)
  A scorpion (D:4)
  A crimson imp (D:5)
  A bullfrog zombie (D:5)
  2 orc wizards
  3 orc priests
  A bullfrog skeleton (D:4)
  A worker ant (D:4)
  7 big kobold zombies (Ossuary)
  A mummy (Ossuary)
  A gnoll (D:1)
  3 adders
  3 worms
  A dart slug (D:3)
  5 leopard geckos
  14 orcs
  A spectral bat (Ossuary)
  2 ball pythons
  5 goblins
  6 hobgoblins
  4 jackals (D:2)
  5 kobolds
  A quokka (D:4)
  A ball python skeleton (D:4)
  4 bats
  4 bat simulacra (Ossuary)
  10 frilled lizards
  5 gnoll zombies (Ossuary)
  2 goblin simulacra (Ossuary)
  5 goblin zombies (Ossuary)
  6 hobgoblin zombies (Ossuary)
  A jackal skeleton (D:4)
  4 kobold simulacra (Ossuary)
  5 kobold zombies (Ossuary)
  2 orc zombies (Ossuary)
  A quokka skeleton (D:4)
  7 rats
  7 rat simulacra (Ossuary)
  2 spectral goblins (Ossuary)
  A spectral kobold (Ossuary)
  A spectral orc (D:3)
  A spectral rat (Ossuary)
143 creatures vanquished.

Notes
Turn   | Place    | Note
-------+----------+-------------------------------------------
     0 | D:1      | galech the Demonspawn Fighter began the quest for the Orb.
     0 | D:1      | Reached XP level 1. HP: 18/18 MP: 1/1
   108 | D:1      | Reached skill level 2 in Axes
   110 | D:1      | Gained mutation: You are surrounded by a mild repulsion
                  | field. (EV +2) [demonic ancestry]
   110 | D:1      | Reached XP level 2. HP: 24/24 MP: 2/2
   629 | D:2      | Reached XP level 3. HP: 29/29 MP: 3/3
   786 | D:2      | Found an ancient bone altar of Kikubaaqudgha.
  1437 | D:3      | Found a basalt altar of Yredelemnul.
  1505 | D:3      | Gained mutation: You regenerate a little health from kills.
                  | [demonic ancestry]
  1505 | D:3      | Reached XP level 4. HP: 29/35 MP: 4/4
  1648 | D:3      | Noticed a bullfrog
  1664 | D:3      | Killed a bullfrog
  1664 | D:3      | Reached skill level 3 in Axes
  1664 | D:3      | Reached XP level 5. HP: 4/41 MP: 5/5
  1990 | D:3      | Found a deep blue altar of Sif Muna.
  2032 | D:3      | HP: 2/41 [orc wizard/magic dart (5)]
  2480 | D:4      | Reached skill level 1 in Dodging
  2621 | D:4      | Found a sand-covered staircase.
  2662 | Ossuary  | Entered an ossuary
  2773 | Ossuary  | Reached skill level 4 in Axes
  2773 | Ossuary  | Gained mutation: You regenerate health from kills. [demonic
                  | ancestry]
  2773 | Ossuary  | Reached XP level 6. HP: 39/48 MP: 6/6
  3143 | D:4      | Found a staircase to the Ecumenical Temple.
  3153 | Temple   | Entered the Ecumenical Temple
  3372 | D:4      | Reached skill level 5 in Axes
  3425 | D:4      | Gained mutation: You regenerate a lot of health from kills.
                  | [demonic ancestry]
  3425 | D:4      | Reached XP level 7. HP: 53/53 MP: 7/7
  3566 | D:4      | Found a white marble altar of Elyvilon.
  3665 | D:4      | Found a hide-covered altar of Uskayaw.
  3799 | D:5      | Entered Level 5 of the Dungeon
  3992 | D:5      | Reached skill level 6 in Axes
  4253 | D:5      | Reached skill level 1 in Stealth
  4303 | D:5      | Found a blossoming altar of Fedhas.
  4305 | D:5      | Noticed Menkaure
  4321 | D:5      | Killed Menkaure
  4321 | D:5      | Reached XP level 8. HP: 32/60 MP: 8/8
  4326 | D:5      | Mangled by an ice beast

Levels and vault maps discovered:
D:1:      dpeg_arrival_brainrot, layout_rooms, minmay_lizard_king
D:2:      layout_loops_ring, lemuel_crystal_altar
D:3:      layout_rooms, yredelemnul_forgotten_temple_becter, led_sif_book
D:4:      layout_rooms, elyvilon_altar_3, kennysheep_mini_moat,
          minmay_temple_entry_tees, enter_ossuary_2, minivault_1
D:5:      layout_loops_ring, cheibrodos_ashenzari_chains, fedhas_ov_isle_minmay,
          first_ration, uniq_menkaure
Temple:   nicolae_temple_figure_zero

Skill      XL: |  1  2  3  4  5  6  7 |
---------------+----------------------+-----
Axes           | 2 3 4 5 6 |  6.3
Armour         | 3 |  3.8
Shields        | 3 4 |  4.6
Dodging        | 1 |  1.6
Fighting       | 4 |  4.3
Stealth        | 1 |  1.3

Action                   |  1- 3 |  4- 6 |  7- 9 || total
-------------------------+-------+-------+-------++-------
Melee: War axe           |   152 |   274 |    96 ||   522
  Use: Scroll            |     2 |       |       ||     2
       Potion            |       |     3 |     3 ||     6
  Eat: Chunk             |     1 |     5 |     3 ||     9
       Ration            |       |     1 |       ||     1
Armor: Scale mail        |    71 |    24 |       ||    95
       Chain mail        |       |    81 |    33 ||   114
Dodge: Dodged            |    62 |    87 |    27 ||   176
Block: Shield            |   114 |   158 |    17 ||   289
       Reflection        |       |     3 |     2 ||     5
       Buckler           |       |       |    41 ||    41

Table legend:
 A = Non-vault XP
 B = Vault XP
 C = Vault XP percentage of total XP
 D = Non-vault monster count
 E = Vault monster count
 F = Vault count percentage of total count
                 A         B        C        D         E       F
            +---------+---------+-------+---------+---------+-------
      Total |    1032 |     483 |  31.9 |      77 |      66 |  46.2
            +---------+---------+-------+---------+---------+-------
        D:1 |      24 |      16 |  40.0 |       9 |      10 |  52.6
        D:2 |      40 |       0 |   0.0 |      18 |       0 |   0.0
        D:3 |     129 |      43 |  25.0 |      15 |       2 |  11.8
        D:4 |     597 |       0 |   0.0 |      25 |       0 |   0.0
        D:5 |     199 |     169 |  45.9 |       8 |       1 |  11.1
     Temple |      43 |       0 |   0.0 |       2 |       0 |   0.0
    Ossuary |       0 |     255 | 100.0 |       0 |      53 | 100.0
            +---------+---------+-------+---------+---------+-------
